 Dungeon Crawl Stone Soup version 0.30-a0-23-ge60ba3568b (webtiles) character file.

Game seed: 8038940348783464909

91 kareem the Poker (level 4, -7/35 HPs)
             Began as a Demonspawn Fighter on Aug 25, 2022.
             Killed from afar by an orc wizard (9 damage)
             ... with a puff of flame
             ... on level 3 of the Dungeon.
             The game lasted 00:01:50 (2441 turns).

kareem the Poker (Demonspawn Fighter)               Turns: 2441, Time: 00:01:51

Health: -7/35      AC:  6    Str: 18    XL:     4   Next: 34%
Magic:  4/4        EV:  9    Int: 10    God:
Gold:   118        SH:  4    Dex: 12    Spells: 3/3 levels left

rFire   . . .      SeeInvis .    a - +0 trident
rCold   . . .      Faith    .    c - +0 buckler
rNeg    . . .      Spirit   .    b - +0 scale mail
rPois   .          Reflect  .    (no helmet)
rElec   .          Harm     .    (no cloak)
rCorr   .          Rampage  .    (no gloves)
Will    .....                    (no boots)
Stlth   ..........               (no amulet)
HPRegen 0.11/turn                (no ring)
MPRegen 0.09/turn                (no ring)

@: mighty
A: sturdy frame 1, demonic touch 2
a: no special abilities


You were on level 3 of the Dungeon.
You visited 1 branch of the dungeon, and saw 3 of its levels.

You collected 118 gold pieces.

Inventory:

Hand Weapons
 a - a +0 trident (weapon)
Armour
 b - a +0 scale mail (worn)
 c - a +0 buckler (worn)
Scrolls
 f - a scroll of enchant weapon {unknown}
 i - a scroll of torment {unknown}
 j - 5 scrolls of identify {unknown}
 k - a scroll of silence {unknown}
 l - a scroll of noise {unknown}
 m - a scroll of teleportation {unknown}
 n - 2 scrolls of amnesia {unknown}
 o - 2 scrolls of magic mapping {unknown}
Potions
 d - a potion of might
 e - 2 potions of ambrosia {unknown}
 g - a potion of brilliance {unknown}
 h - a potion of curing {unknown}


   Skills:
 - Level 3.0 Fighting
 + Level 4.2 Polearms
 - Level 2.6 Armour
 - Level 2.6 Shields


You had 3 spell levels left.
You didn't know any spells.
Your spell library contained the following spells:

 Spells                   Type           Power      Damage    Failure   Level
 Poisonous Vapours        Pois/Air       0%         N/A       85%         2
 Dazzling Flash           Conj/Hex       0%         N/A       97%         3
 Corpse Rot               Necr/Pois/Air  0%         N/A       100%        4
 Iskenderun's Mystic Bla  Conj/Tloc      0%         2d3       100%        4
 Starburst                Conj/Fire      0%         6d3       100%        6


Dungeon Overview and Level Annotations

Branches:
Dungeon (3/15)

Altars:


Innate Abilities, Weirdness & Mutations

Your movements are slightly less encumbered by armour. (ER -2)
Your touch may inflict irresistible damage on your foes.


Message History

The quokka bites you. The orc barely misses you.
The orc wizard hits you with a +1 dagger of flaming.
The orc wizard burns you.
The orc wizard hits you but does no damage.
You closely miss the orc wizard.
The orc wizard is heavily wounded.
The quokka bites you but does no damage.
You block the orc's attack.
The quokka bites you but does no damage.
The orc wizard hits you with a +1 dagger of flaming.
* * * LOW HITPOINT WARNING * * *
The orc wizard burns you.
* * * LOW HITPOINT WARNING * * *
The orc wizard hits you but does no damage.
You puncture the orc wizard!
You kill the orc wizard!
You block the quokka's attack.
The orc wizard hits you with a +1 dagger of flaming.
* * * LOW HITPOINT WARNING * * *
The orc wizard burns you.
* * * LOW HITPOINT WARNING * * *
The orc barely misses you.
Your Polearms skill increases to level 4!
You have reached level 4!
You feel clever.
Your demonic ancestry asserts itself...
Your hands glow brighter with unholy energy.
The quokka attacks as you move away! The quokka bites you.
* * * LOW HITPOINT WARNING * * *
The orc attacks as you move away! The orc hits you but does no damage.
The orc wizard barely misses you.
Unknown command.
You block the quokka's attack. The quokka attacks as you move away!
The quokka bites you but does no damage.
You closely miss the orc wizard.
The orc wizard hits you but does no damage.
You barely miss the orc wizard. The orc wizard casts a spell at you.
The puff of flame hits you!
You die...

### #####.# #...#.. ..###
#.#.#.# #.#.. ###.#.#.#
#.#.# ......#.### #.#.#
###.#.....# #o#@#
#.#.#.#..## #o#o####
#.....#..# #)#ro..#####
#...###..#####(#.........
#......................>.
#.##.###.#####.#.##.###.#
.........# #.#.# ...
.....##### #.#.# ##..
..#### #.#.. ..


You could see an orc wizard, an orc and a quokka.

Vanquished Creatures
  An orc wizard (D:3)
  Robin (D:2)
  An adder (D:3)
  A worm (D:2)
  2 orcs (D:3)
  2 ball pythons
  5 bats (D:2)
  3 endoplasms
  4 giant cockroaches
  4 hobgoblins
  2 quokkas (D:2)
  5 frilled lizards
  6 goblins (D:2)
  2 kobolds
  4 rats
43 creatures vanquished.

Notes
Turn   | Place    | Note
-------+----------+-------------------------------------------
     0 | D:1      | kareem the Demonspawn Fighter began the quest for the Orb.
     0 | D:1      | Reached XP level 1. HP: 18/18 MP: 1/1
    50 | D:1      | Reached skill level 2 in Polearms
   492 | D:1      | Gained mutation: Your movements are slightly less
                  | encumbered by armour. (ER -2) [demonic ancestry]
   492 | D:1      | Reached XP level 2. HP: 24/24 MP: 2/2
   947 | D:2      | Reached skill level 3 in Polearms
   989 | D:2      | Noticed Robin
   996 | D:2      | Killed Robin
   997 | D:2      | Gained mutation: Your touch may inflict minor irresistible
                  | damage on your foes. [demonic ancestry]
   997 | D:2      | Reached XP level 3. HP: 27/29 MP: 3/3
  1345 | D:2      | Found a faded altar of an unknown god.
  2437 | D:3      | Reached skill level 4 in Polearms
  2437 | D:3      | Gained mutation: Your touch may inflict irresistible damage
                  | on your foes. [demonic ancestry]
  2437 | D:3      | Reached XP level 4. HP: 3/35 MP: 4/4
  2441 | D:3      | Killed from afar by an orc wizard

Illustrated notes

Levels and vault maps discovered:
D:1:      amcnicky_arrival_flooded_fountain, layout_basic
D:2:      layout_basic, serial_rivers, chequers_serial_rivers_micro_d,
          chequers_serial_rivers_small_3, chequers_serial_rivers_small_3,
          chequers_serial_rivers_large_a, chequers_serial_rivers_marsh,
          chequers_serial_rivers_large_b,
          hellmonk_ecumenical_altar_prayer_group, minmay_domino_2, uniq_robin
D:3:      layout_basic

Skill      XL: |  1  2  3 |
---------------+----------+-----
Polearms       | 2 3 4 |  4.2
Fighting       | |  3.0
Armour         | |  2.6
Shields        | |  2.6

Action                   |  1- 3 |  4- 6 || total
-------------------------+-------+-------++-------
Melee: Trident           |   148 |     2 ||   150
  Use: Potion            |     1 |       ||     1
Armor: Scale mail        |    51 |     3 ||    54
Dodge: Dodged            |    44 |     1 ||    45
Block: Buckler           |    32 |     1 ||    33

Table legend: (Time is in decaauts)
 A = Elapsed time spent in this place.
 B = Non-inter-level travel time spent in this place.
 C = Inter-level travel time spent in this place.
 D = Time resting spent in this place.
 E = Time spent auto-exploring this place.
 F = Levels seen in this place.
 G = Mean time per level.
                   A        B        C        D        E       F      G
               +--------+--------+--------+--------+--------+-----+--------+
         Total |   2522 |   2474 |     48 |      0 |   2159 |   3 |  840.7 |
       Dungeon |   2522 |   2474 |     48 |      0 |   2159 |   3 |  840.7 |
               +--------+--------+--------+--------+--------+-----+--------+

Top non-repeatable levels by time:
     D:2: 1331 daAuts
     D:1: 629 daAuts
     D:3: 562 daAuts
